Map: [ESL] Site Delta

Players

Scarlett - Winner!

  • Race: Zerg Zerg
  • Spawn Location: 11:00

MCanning

  • Race: Protoss Protoss
  • Spawn Location: 5:00

Event: ESL SC2 Masters 2024 Spring (Regional)

VOD

Have the link to the VOD?

Description

Time

  • Played on: April 13, 2024, 3 p.m.
  • Length: 9:02

All games in this series

Show
View Real Time Build Order
Export as new Build Order

Scarlett Zerg - Winner!

Build Orders: Hatch First 

Get SALT Encoding   

  12  0:00  Drone  
  13  0:13  Overlord  
  13  0:17  Drone  
  14  0:31  Drone x2  
  16  0:47  Hatchery  
  15  0:51  Drone  
  15  0:54  Drone  
  17  0:57  Drone  
  18  1:08  Extractor  
  17  1:13  Spawning Pool  
  17  1:16  Drone  
  17  1:19  Drone  
  18  1:28  Drone  
  19  1:39  Drone  
  20  1:49  Drone  
  21  1:59  Queen  
  21  2:00  Zergling x2, Overlord, Queen  
  26  2:10  Drone  
  26  2:11  Drone  
  26  2:13  Metabolic Boost  
  28  2:22  Drone x2  
  30  2:31  Drone  
  30  2:33  Hatchery  
  30  2:35  Drone  
  31  2:41  Queen  
  33  2:47  Overlord  
  33  2:53  Drone x2  
  35  2:59  Drone  
  35  3:04  Overlord  
  36  3:06  Queen  
  36  3:07  Drone x2  
  36  3:09  Drone  
  41  3:13  Drone  
  41  3:19  Queen  
  44  3:29  Drone x4  
  48  3:39  Zergling x6, Overlord  
  48  3:40  Drone  
  52  3:44  Queen  
  52  3:46  Drone  
  55  3:52  Spore Crawler  
  55  3:53  Overlord  
  54  3:57  Overlord  
  54  3:59  Overlord  
  54  4:04  Drone x4  
  58  4:10  Overlord  
  58  4:13  Drone x4  
  58  4:16  Drone  
  62  4:18  Drone  
  62  4:19  Drone x2  
  62  4:20  Queen  
  67  4:28  Roach Warren  
  67  4:30  Lair  
  66  4:33  Drone x3  
  66  4:38  Overlord  
  66  4:40  Drone x4  
  66  4:42  Drone  
  66  4:45  Drone x3  
  74  4:47  Drone  
  74  4:48  Extractor x2  
  74  4:50  Extractor  
  72  4:53  Zergling x8  
  76  5:04  Drone x4, Hatchery  
  78  5:08  Drone x3  
  78  5:09  Spore Crawler  
  78  5:12  Drone x2  
  82  5:15  Drone x2  
  82  5:16  Evolution Chamber, Extractor  
  82  5:19  Drone x2  
  83  5:22  Extractor  
  83  5:24  Drone  
  83  5:28  Drone x4  
  87  5:35  Glial Reconstitution  
  87  5:38  Spire  
  87  5:39  Drone x2  
  87  5:40  Roach  
  87  5:41  Roach x2  
  94  5:50  Hatchery  
  94  5:53  Overlord x3  
  94  5:56  Zerg Missile Weapons Level 1  
  93  6:02  Overlord  
  93  6:05  Drone x5  
  93  6:10  Overlord x3  
  98  6:20  Drone x8  
  98  6:23  Roach x2  
  110  6:27  Zergling x8  
  113  6:37  Drone, Extractor  
  113  6:38  Drone x2  
  111  6:41  Drone x7  
  111  6:45  Spore Crawler, Extractor  
  116  6:48  Roach  
  116  6:52  Mutalisk x4, Zerg Flyer Weapons Level 1  
  126  6:57  Mutalisk x2  
  126  7:01  Mutalisk x3  
  130  7:05  Mutalisk x2  
  140  7:08  Mutalisk  
  140  7:11  Baneling Nest  
  140  7:15  Overlord x2  
  141  7:16  Mutalisk, Overlord  
  141  7:18  Zergling x4  
  141  7:22  Roach x3  
  150  7:28  Roach x4  
  150  7:29  Overlord  
  157  7:34  Overseer  
  157  7:35  Roach x4  
  165  7:38  Roach x2  
  169  7:45  Roach x5  
  169  7:46  Roach  
  178  8:03  Drone x3  
  178  8:04  Roach x9  
  196  8:10  Mutalisk x2  
  196  8:11  Overlord  
  196  8:19  Overlord x2  
  193  8:23  Spore Crawler  
  191  8:27  Spine Crawler  
  191  8:30  Roach x4  
Show
View Real Time Build Order
Export as new Build Order

MCanning Protoss 

Build Orders: 1 Gate Expand, Oracle Opening 

Get SALT Encoding   

  12  0:00  Probe  
  13  0:12  Probe  
  14  0:20  Pylon  
  14  0:24  Probe  
  15  0:38  Probe (Chrono Boost), Gateway  
  16  0:48  Assimilator, Probe (Chrono Boost)  
  17  0:53  Probe (Chrono Boost)  
  19  1:04  Probe  
  19  1:16  Probe  
  20  1:24  Nexus  
  20  1:33  Cybernetics Core  
  20  1:37  Probe (Chrono Boost)  
  21  1:41  Assimilator  
  21  1:49  Probe (Chrono Boost)  
  21  1:51  Pylon  
  22  1:55  Probe (Chrono Boost)  
  23  2:08  Adept (Chrono Boost)  
  23  2:09  Probe  
  26  2:19  Stargate  
  26  2:21  Probe  
  26  2:30  Warp Gate  
  26  2:36  Stalker  
  29  2:37  Probe x2 (Chrono Boost)  
  30  2:47  Probe (Chrono Boost)  
  30  2:49  Probe (Chrono Boost)  
  32  2:52  Probe (Chrono Boost)  
  32  2:58  Probe  
  34  3:03  Probe  
  39  3:08  Void Ray (Chrono Boost)  
  39  3:10  Probe  
  40  3:14  Pylon  
  40  3:17  Probe  
  41  3:26  Probe  
  40  3:29  Probe  
  40  3:31  Gateway  
  41  3:34  Assimilator  
  41  3:35  Oracle (Chrono Boost)  
  41  3:38  Probe  
  46  3:41  Probe  
  46  3:50  Probe  
  46  3:53  Probe  
  48  4:00  Pylon  
  48  4:02  Probe  
  49  4:04  Oracle (Chrono Boost)  
  49  4:05  Probe  
  53  4:14  Probe  
  54  4:18  Probe  
  54  4:20  Nexus  
  54  4:23  Pylon  
  55  4:26  Probe  
  55  4:30  Probe  
  57  4:35  Twilight Council, Forge  
  56  4:42  Assimilator, Probe x2 (Chrono Boost)  
  58  4:48  Robotics Facility  
  60  4:53  Probe (Chrono Boost)  
  60  4:54  Probe (Chrono Boost)  
  60  4:57  Gateway x2  
  60  4:58  Probe  
  60  5:03  Probe  
  62  5:10  Probe  
  63  5:15  Probe  
  64  5:22  Dark Shrine  
  64  5:23  Probe (Chrono Boost)  
  64  5:26  Adept x2  
  70  5:29  Probe (Chrono Boost)  
  70  5:32  Probe (Chrono Boost)  
  70  5:34  Protoss Ground Weapons Level 1 (Chrono Boost)  
  70  5:35  Gateway  
  72  5:36  Shield Battery, Gateway  
  72  5:40  Blink (Chrono Boost)  
  72  5:41  Probe (Chrono Boost)  
  73  5:44  Probe (Chrono Boost)  
  73  5:45  Probe (Chrono Boost)  
  73  5:46  Assimilator  
  73  5:48  Zealot, Probe (Chrono Boost)  
  73  5:49  Zealot  
  79  5:51  Probe  
  79  5:52  Probe  
  81  5:59  Probe  
  82  6:05  Assimilator  
  82  6:09  Pylon  
  82  6:11  Probe, Gateway  
  83  6:13  Gateway  
  83  6:17  Pylon  
  83  6:23  Pylon  
  83  6:27  Immortal (Chrono Boost)  
  87  6:33  Probe  
  87  6:39  Probe, Dark Templar  
  91  6:41  Probe  
  91  6:44  Photon Cannon  
  91  6:46  Stalker x3, Gateway  
  94  6:48  Gateway  
  94  6:52  Dark Templar  
  96  6:54  Forge  
  96  6:55  Stalker  
  96  7:00  Immortal (Chrono Boost)  
  102  7:08  Probe  
  104  7:22  Probe  
  104  7:25  Stalker x2, Robotics Facility  
  104  7:28  Pylon  
  108  7:30  Pylon, Assimilator  
  108  7:36  Pylon  
  107  7:37  Pylon  
  107  7:39  Pylon  
  107  7:47  Templar Archives  
  107  7:51  Stalker x2  
  107  7:53  Stalker x2  
  107  7:55  Nexus  
  107  8:01  Stalker x2  
  107  8:04  Probe  
  109  8:09  Phoenix (Chrono Boost), Probe  
  109  8:12  Probe  
  108  8:17  Probe  
  103  8:21  Probe  
  103  8:24  Zealot x3  
  103  8:25  Zealot x2  
  112  8:27  Stalker x2  
  106  8:38  Stalker x2  
  106  8:40  Probe  
  107  8:42  Probe x2  
  107  8:47  Zealot  
Tags
 
Add a new tag
Caveats
  • Supply blocks, unpowered buildings, or Contaminate may cause inaccurate times.
  • Supply counts are checked every 10 seconds.